Unix NetHack Version 5.0.0-0 post-release - last build May 10 2026 23:12:36 (d1fa5d53e341ca933230fdaa984d921c805b60aa,branch:main).

Game began 2026-05-11 02:54:34, ended 2026-05-11 03:38:12.

Gary, lawful male human Samurai

                            .--
                          ...)--
                          ..)).|
                          .*q@--
                           .0d-
                            ...-
                            .....
                             ..<.
                              ...

Gary the Ninja         St:16 Dx:18 Co:17 In:8 Wi:9 Ch:7  Lawful S:2935
Dlvl:6  $:907 HP:0(46) Pw:24(24) AC:3  Xp:6/442 T:2854  Burdened

Latest messages:
 You are hit by a crossbow bolt.
 You are almost hit by a crossbow bolt.
 You hit the dwarf!
 The dwarf hits!
 You kill the dwarf!
 It is hit.
 There is a dwarf corpse here; eat it? y
 This dwarf corpse is fatty.
 You stop eating the dwarf corpse.
 You kill the gnome!
 You are hit by a crossbow bolt.
 You are hit by a crossbow bolt.
 You are hit by a dart.
 A crossbow bolt misses you.
 You are hit by a crossbow bolt!
 A dart misses you.
 The gnome picks up a black gem.
 You kill the gnome!
 There are several objects here.
 There is a partly eaten dwarf corpse here; eat it? y
 You resume your meal.
 You stop eating the dwarf corpse.
 You hit the rothe!
 The rothe hits!
 The rothe bites!
 The rothe bites again!
 You kill the rothe!
 The gnome picks up 10 darts.
 You miss the rothe.
 You hit the rothe!
 The rothe hits!
 The rothe bites!
 The rothe misses!
 The gnome misses!
 The rothe hits!
 The rothe bites!
 The rothe misses!
 The gnome hits!
 You miss the rothe.
 The gnome just misses!
 You kill the rothe!
 You hit the rothe!
 The rothe hits!
 The rothe bites!
 The rothe bites again!
 It bites the rothe.
 The rothe hits!
 The rothe bites!
 The rothe bites again!
 You die...

Inventory:
 Coins    ('$')
  $ - 907 gold pieces
 Amulets  ('"')
  D - an uncursed amulet of strangulation
 Weapons  (')')
  d - 44 +0 ya (in quiver)
  c - a +0 yumi (alternate weapon; not wielded)
  a - a +0 katana
  j - a cursed rustproof +0 katana (weapon in left hand)
 Armor    ('[')
  f - an uncursed +0 orcish helm (being worn)
  z - an uncursed +0 pair of iron shoes
  A - an uncursed +0 dwarvish cloak
  b - an uncursed +0 mummy wrapping
  e - an uncursed rustproof +0 splint mail (being worn)
 Comestibles  ('%')
  F - a cursed cram ration
  g - 3 uncursed gunyoki
  i - 4 cursed gunyoki
  G - a cursed orange
  p - 2 uncursed lichen corpses
  l - an uncursed lizard corpse
 Scrolls  ('?')
  t - an uncursed scroll of confuse monster
  L - a cursed scroll of create monster
  M - 2 cursed scrolls of enchant armor
  Y - an uncursed scroll of gold detection
  H - a cursed scroll of gold detection
  m - an uncursed scroll of identify
  u - 2 uncursed scrolls of light
  I - a cursed scroll of light
  J - a blessed scroll of remove curse
  K - a cursed scroll of remove curse
 Potions  ('!')
  C - an uncursed potion of confusion
  n - 2 uncursed potions of healing
  Q - 2 cursed potions of healing
  w - an uncursed potion of monster detection
  q - an uncursed potion of object detection
  P - a cursed potion of paralysis
  s - an uncursed potion of restore ability
  O - a cursed potion of restore ability
  r - 2 cursed potions of sickness
  N - a cursed potion of speed
 Rings    ('=')
  R - a cursed ring of free action
  S - a cursed ring of warning
 Wands    ('/')
  T - a cursed wand of cancellation (0:4)
  x - a wand of light (0:14)
  o - a wand of speed monster (0:4)
 Tools    ('(')
  V - a magic marker (0:19)
  U - a cursed skeleton key
 Gems/Stones  ('*')
  h - 2 uncursed worthless pieces of green glass
  k - 2 cursed worthless pieces of red glass
  B - an uncursed worthless piece of yellowish brown glass

Gary the Samurai's attributes:

Background:
 You were a Ninja, a level 6 male human Samurai.
 You were lawful, on a mission for Amaterasu Omikami
 who was opposed by Raijin (neutral) and Susanowo (chaotic).
 You were left-handed.
 You were in the Gnomish Mines, on level 6.
 You entered the dungeon 2854 turns ago.
 It was nighttime.
 You had 442 experience points, 198 more were needed to attain level 7.
 Your score was 2935 before end-of-game adjustments.

Basics:
 You had 0 out of 46 hit points.
 You had all 24 energy points (spell power).
 Your armor class was 3.
 Your wallet contained 907 zorkmids.
 Autopickup was on for '$' plus thrown.

Final Characteristics:
 Your strength was 16 (limit:18/100).
 Your dexterity was 18 (limit:18).
 Your constitution was 17 (limit:18).
 Your intelligence was 8 (limit:18).
 Your wisdom was 9 (limit:18).
 Your charisma was 7 (limit:18).

Final Status:
 You weren't hungry.
 You were burdened; movement was slightly slowed.
 You were wielding a long sword.
 You were skilled in long sword.

Final Attributes:
 You were piously aligned.
 You were warded.
 You were fast.
 You are dead.

Miscellaneous:
 You encountered 1 bones level.
 Total elapsed playing time was 43 minutes and 38 seconds.

Major events:
 Turn
    1: Gary the lawful male human Samurai entered the dungeon
  950: attained the rank of Ronin (level 3)
 1492: entered the Gnomish Mines
 2415: attained the rank of Ninja (level 6)
 2854: killed by a rothe

You didn't know any spells.

Skills:
 Fighting Skills
   martial arts      [Basic]
   two weapon combat [Unskilled]
   riding            [Unskilled]
 Weapon Skills
   dagger            [Unskilled]
   knife             [Unskilled]
   short sword       [Basic]
   broadsword        [Unskilled]
   long sword        [Skilled]
   two-handed sword  [Unskilled]
   saber             [Unskilled]
   flail             [Unskilled]
   quarterstaff      [Unskilled]
   polearms          [Unskilled]
   spear             [Unskilled]
   lance             [Unskilled]
   bow               [Basic]
   shuriken          [Unskilled]
 Spellcasting Skills
   attack spells     [Unskilled]
   divination spells [Unskilled]
   clerical spells   [Unskilled]

Voluntary challenges:
 Character rerolling was not enabled.
 You were illiterate.
 You never genocided any monsters.
 You never polymorphed an object.
 You never changed form.
 You used no wishes.
Achievements:
 You entered a shop.
 You attained the rank of Ronin.
 You entered the Gnomish Mines.
 You attained the rank of Ninja.

 The Dungeons of Doom: levels 1 to 5
    Level 1:
       An altar.
    Level 2:
       A potion shop.
    Level 3:
    Level 4:
       Some altars.
       Stairs down to The Gnomish Mines.
    Level 5:
       Many fountains.
       Oracle of Delphi.
       Final resting place for
          hanschristian-Wiz-Elf-Mal-Cha, killed by a kitten.
 The Gnomish Mines: levels 5 to 6
    Level 5:
    Level 6: <- You were here.
       Final resting place for
          you, killed by a rothe.


Vanquished creatures:
  a ghost
  a giant beetle
  a dwarf mummy
  a lizard
  a dust vortex
  a gnome leader
  a gnomish wizard
  a straw golem
  3 little dogs
  3 kittens
  4 dwarves
  a homunculus
  3 rothes
  a werejackal
 an iguana
  a hobbit
  a large kobold
  4 giant rats
  a yellow mold
  a green mold
 14 gnomes
  a gnome zombie
  3 jackals
  2 foxes
  a kobold
  3 goblins
  3 lichens
  2 kobold zombies
  4 newts
65 creatures vanquished.

No species were genocided or became extinct.

Game over:
                       ----------
                      /          \
                     /    REST    \
                    /      IN      \
                   /     PEACE      \
                  /                  \
                  |       Gary       |
                  |      907 Au      |
                  |   killed by a    |
                  |      rothe       |
                  |                  |
                  |                  |
                  |       2026       |
                 *|     *  *  *      | *
        _________)/\\_//(\/(/\)/\//\/|_)_______

Sayonara Gary the Samurai...

You died in The Gnomish Mines on dungeon level 6 with 2845 points,
and 907 pieces of gold, after 2854 moves.
You were level 6 with a maximum of 46 hit points when you died.

